 Dungeon Crawl Stone Soup version 0.28-a0-422-gd71735cc25 (webtiles) character file.

Game seed: 8882706370166948378

35 aSlayers the Insei (level 3, 0/23 HPs)
             Began as an Octopode Transmuter on Sept 8, 2021.
             Slain by a phantom (9 damage)
             ... on level 2 of the Dungeon.
             The game lasted 00:05:00 (1494 turns).

aSlayers the Insei (Octopode Transmuter)            Turns: 1494, Time: 00:05:00

Health: 0/23       AC:  1    Str: 10    XL:     3   Next: 33%
Magic:  4/6        EV: 13    Int: 15    God:
Gold:   33         SH:  0    Dex: 12    Spells: 3/6 levels left

rFire   . . .      SeeInvis .   d - +0 dagger
rCold   . . .      Faith    .   (no shield)
rNeg    . . .      Spirit   .   (helmet restricted)
rPois   .          Reflect  .   (no amulet)
rElec   .          Harm     .   (no ring)
rCorr   .          Rampage  .   (no ring)
Will    .....                   (no ring)
Stlth   ++........              (no ring)
HPRegen 0.07/turn               (no ring)
MPRegen 0.10/turn               (no ring)
                                (no ring)
                                (no ring)

@: wereblooded
A: almost no armour, amphibious, 8 rings, camouflage 1, gelatinous body 1,
(nimble swimmer 1), tentacles
a: no special abilities


You were on level 2 of the Dungeon.
You visited 1 branch of the dungeon, and saw 2 of its levels.

You collected 33 gold pieces.

Inventory:

Hand Weapons
 d - a +0 dagger (weapon)
Scrolls
 c - a scroll of teleportation {unknown}
 g - a scroll of magic mapping {unknown}
Potions
 b - a potion of magic {unknown}
 e - a potion of attraction
 f - a potion of brilliance {unknown}


   Skills:
 + Level 1.1 Fighting
 + Level 0.1 Short Blades
 + Level 2.3 Dodging
 + Level 0.1 Stealth
 + Level 3.4 Unarmed Combat
 + Level 2.3 Spellcasting
 + Level 2.4 Transmutations


You had 3 spell levels left.
You knew the following spells:

 Your Spells              Type           Power      Damage    Failure   Level
a - Beastly Appendage     Tmut           18%        N/A       8%          1
b - Wereblood             Tmut           9%         N/A       12%         2

Your spell library contained the following spells:

 Spells                   Type           Power      Damage    Failure   Level
 Spider Form              Tmut/Pois      2%         N/A       36%         3
 Ozocubu's Armour         Ice            1%         N/A       54%         3
 Ice Form                 Ice/Tmut       5%         N/A       78%         4
 Ozocubu's Refrigeration  Ice            0%         4d5       100%        7


Dungeon Overview and Level Annotations

Branches:
Dungeon (2/15)

Altars:
Gozag


Innate Abilities, Weirdness & Mutations

You cannot wear most types of armour.
You are amphibious.
You can wear up to eight rings at the same time.
Your skin changes colour to match your surroundings (Stealth+).
Your rubbery body absorbs attacks. (AC +1, EV +1)
((You are camouflaged near water. (Stealth+)))
You have tentacles for arms and can constrict up to eight enemies at once.


Message History

The bat escapes!
You closely miss the bat. Your grab misses the bat. You squeeze the bat.
You kill the bat!
Your transformation is almost over.
Magic restored.
Found an opulent altar of Gozag.
You see here a +0 hand axe.
Your tentacle spike disappears.
Found a stone staircase leading up.
A ball python comes into view.
A ball python is nearby!
The ball python hisses angrily.
The ball python bites you. The ball python completely misses you.
You hit the ball python but do no damage.
Your grab misses the ball python. Your squeeze misses the ball python.
The ball python bites you. The ball python grabs you.
The ball python constricts you.
You closely miss the ball python. You grab the ball python.
Your tentacle-slap misses the ball python.
You constrict the ball python.
The ball python bites you but does no damage.
The ball python constricts you.
You hit the ball python.
You kill the ball python!
You see here a ball python corpse.
A rat and a phantom come into view.
Found 7 stones.
The phantom barely misses you.
A rat comes into view.
The phantom completely misses you.
Casting: Beastly Appendage (safe; 8% risk of failure)
Confirm with . or Enter, or press ? or * to list all spells.
Your blood is infused with primal strength.
The phantom hits you!
The phantom blinks!
You blink.
You hit the phantom. Your squeeze misses the phantom.
The phantom is lightly damaged.
The phantom hits you.
There is a stone staircase leading up here.
The phantom hits you!
You die...

#...# #...#
#####...####
#..........#
#####..........#
#..............#
##..............#
#..._.....W..†..# ##
#..........@....# .###
#...............# .>.#
#...##..........#
...###)###############
....##.# ....>..##
...<....## .........##
..........#


You could see a phantom.

Vanquished Creatures
  A gnoll (D:1)
  A dart slug (D:1)
  2 endoplasms (D:1)
  3 goblins (D:1)
  3 hobgoblins (D:1)
  A quokka (D:1)
  3 ball pythons
  5 bats
  A kobold (D:1)
  2 rats (D:1)
22 creatures vanquished.

Vanquished Creatures (others)
  9 fungi (D:1)
  7 plants (D:1)
16 creatures vanquished.

Grand Total: 38 creatures vanquished

Notes
Turn   | Place    | Note
-------+----------+-------------------------------------------
     0 | D:1      | aSlayers the Octopode Transmuter began the quest for the
                  | Orb.
     0 | D:1      | Reached XP level 1. HP: 13/13 MP: 3/3
   316 | D:1      | Reached XP level 2. HP: 14/18 MP: 3/5
   503 | D:1      | Found a faded altar of an unknown god.
   673 | D:1      | Learned a level 2 spell: Wereblood
   707 | D:1      | Reached XP level 3. HP: 23/23 MP: 3/6
  1444 | D:2      | Found an opulent altar of Gozag.
  1478 | D:2      | Noticed a phantom
  1494 | D:2      | Slain by a phantom

Illustrated notes

Levels and vault maps discovered:
D:1:      scummos_arrival_simple_fountains, layout_loops_ring,
          dreamdust_ecumenical_altar_grove, minmay_liquid_box
D:2:      layout_rooms, basic_altar

Action                   || total
-------------------------++-------
Melee: Unarmed           ||    24
       Constrict         ||    33
       Tentacles         ||    29
       Punch             ||     5
       Dagger            ||    95
       Kick              ||     7
 Cast: Beastly Appendage ||     9
       Wereblood         ||     3
  Use: Scroll            ||     1
 Stab: Sleeping          ||     2
Armor: Skin              ||     7
Dodge: Dodged            ||    57

Table legend: (Time is in decaauts)
 A = Elapsed time spent in this place.
 B = Non-inter-level travel time spent in this place.
 C = Inter-level travel time spent in this place.
 D = Time resting spent in this place.
 E = Time spent auto-exploring this place.
 F = Levels seen in this place.
 G = Mean time per level.
                   A        B        C        D        E       F      G
               +--------+--------+--------+--------+--------+-----+--------+
         Total |   1492 |   1492 |      0 |    100 |    770 |   2 |  746.0 |
       Dungeon |   1492 |   1492 |      0 |    100 |    770 |   2 |  746.0 |
               +--------+--------+--------+--------+--------+-----+--------+

Top non-repeatable levels by time:
     D:1: 1409 daAuts
     D:2: 82 daAuts
